 Dungeon Crawl Stone Soup version 0.19.0-1-g5985abe (webtiles) character file.

18449 Ladykiller69 the Grappler (level 12, 0/107 HPs)
             Began as a Troll Monk on Nov 2, 2016.
             Was an Elder of Qazlal.
             Killed by divine providence
             ... invoked by an orc priest
              (12 damage)
             ... on level 13 of the Dungeon.
             The game lasted 00:55:02 (9109 turns).

Ladykiller69 the Grappler (Troll Monk)              Turns: 9109, Time: 00:55:04

Health: 0/107      AC: 10    Str: 22    XL:     12   Next: 27%
Magic:  12/16      EV: 14    Int:  6    God:    Qazlal [****..]
Gold:   544        SH: 16    Dex: 21    Spells: 0 memorised, 11 levels left

rFire  + + .     SeeInvis .       - Unarmed
rCold  . . .     Gourm    +     X - +0 mottled dragon scales
rNeg   + . .     Faith    .     W - +0 shield {rF+}
rPois  .         Spirit   .     (helmet restricted)
rElec  .         Reflect  .     l - +0 cloak of the Skies Above {rF+}
rCorr  .         Harm     .     (gloves unavailable)
MR     .....                    (boots unavailable)
Stlth  +.........               (no amulet)
                                w - ring of positive energy
                                o - +5 ring of dexterity

@: repel missiles
A: unfitting armour, claws 3, fast metabolism 3, gourmand, regeneration 1,
shaggy fur 1, tough skin 2
a: Upheaval, Elemental Force, Renounce Religion


You were on level 13 of the Dungeon.
You worshipped Qazlal.
Qazlal was greatly pleased with you.
You were completely stuffed.

You visited 1 branch of the dungeon, and saw 13 of its levels.
You also visited: Ossuary.

You collected 961 gold pieces.
You spent 417 gold pieces at shops.

Inventory:

Missiles
 e - 4 large rocks (quivered)
 j - 4 throwing nets
 Q - 11 tomahawks
 S - 3 javelins
 T - 66 stones
Armour
 l - the +0 cloak of the Skies Above (worn) {rF+}
   (You acquired it on level 11 of the Dungeon)

   It protects you from fire.
 v - a +1 cloak of magic resistance
 J - a +2 robe of fire resistance
 W - a +0 shield of fire resistance (worn)
 X - +0 mottled dragon scales (worn)
Jewellery
 o - a +5 ring of dexterity (left claw)
 w - a ring of positive energy (right claw)
 x - an uncursed ring of ice
 F - an uncursed ring of resist corrosion
Wands
 a - a wand of enslavement (10/24)
 y - a wand of confusion (34/48)
 A - a wand of polymorph (15/24)
 H - a wand of lightning (5/15)
 U - a wand of enslavement (8/24)
 V - a wand of paralysis (7/24)
Scrolls
 c - a scroll of fear
 g - a scroll of magic mapping
 h - 2 scrolls of identify
 i - 2 scrolls of enchant armour
 s - 9 scrolls of remove curse
 E - 2 scrolls of noise
 L - 2 scrolls of teleportation
 N - 3 scrolls of blinking {unknown}
 O - a scroll of recharging {unknown}
 P - 4 scrolls of amnesia {unknown}
 Y - 2 scrolls of fog {unknown}
Potions
 d - 7 potions of curing
 f - 2 potions of resistance
 n - a potion of invisibility
 p - 3 potions of heal wounds
 q - 3 potions of might
 r - a potion of cure mutation
 u - 2 potions of flight
 G - a potion of magic
 I - 2 potions of agility
 M - a potion of lignification
 R - 2 potions of brilliance
Books
 k - a book of Minor Magic

   Spells                             Type                      Level
   a - Magic Dart                     Conjuration                  1
   b - Blink                          Translocation                2
   c - Call Imp                       Summoning                    2
   d - Repel Missiles                 Charms/Air                   2
   e - Slow                           Hexes                        2
   f - Conjure Flame                  Conjuration/Fire             3
   g - Mephitic Cloud                 Conjuration/Poison/Air       3
 Z - a book of Unlife

   Spells                             Type                      Level
   a - Recall                         Summoning/Translocation      3
   b - Animate Dead                   Necromancy                   4
   c - Control Undead                 Necromancy                   4
   d - Cigotuvi's Embrace             Necromancy                   5
   e - Death Channel                  Necromancy                   6
   f - Simulacrum                     Ice/Necromancy               6
Comestibles
 b - 12 bread rations
 m - 9 fruits
 t - 4 chunks of flesh
 z - 8 beef jerkies
 C - 3 slices of pizza
 D - a royal jelly
 K - 5 meat rations


   Skills:
 - Level 4.1 Fighting
 + Level 2.6 Armour
 + Level 8.2 Dodging
 - Level 1.0 Stealth
 * Level 5.4 Shields
 * Level 13.6 Unarmed Combat
 + Level 7.7 Invocations


You had 11 spell levels left.
You didn't know any spells.

Dungeon Overview and Level Annotations

Branches:
Dungeon (13/15)            Temple (0/1) D:6            Lair (0/6) D:9
    Orc (0/2) D:10         Vaults (0/5) D:13

Altars:
Ashenzari
Cheibriados
Dithmenos
Hepliaklqana
Kikubaaqudgha
Makhleb
Okawaru
Qazlal
Uskayaw
Vehumet
Yredelemnul
The Shining One

Shops:
D:4 (   D:7 (   D:9 (   D:10 [*   D:11 [

Portals:
Trove: D:10 (give horn of Geryon)

Annotations:
D:6 exclusion: statue


Innate Abilities, Weirdness & Mutations

You are too large for most types of armour.
You have claws for hands.
Your metabolism is lightning-fast.
You like to eat raw meat.
Your natural rate of healing is unusually fast.
You are covered in fur. (AC +1)
You have very tough skin. (AC +2)


Message History

The eight-headed hydra misses you.
You block the eight-headed hydra's attack.
The eight-headed hydra bites you.
* * * LOW HITPOINT WARNING * * *
Throwing (i - inventory. (,) - cycle):
e - 5 large rocks (quivered)
Press: ? - help, Shift-Dir - straight line, f/p - eight-headed hydra
Aim: an eight-headed hydra (almost dead)
You throw a large rock.
The large rock hits the eight-headed hydra but does no damage.
The eight-headed hydra is almost dead.
You block the eight-headed hydra's attack. x2
The eight-headed hydra bites you but does no damage. x2
The eight-headed hydra bites you.
* * * LOW HITPOINT WARNING * * *
The eight-headed hydra closely misses you.
You block the eight-headed hydra's attack.
The eight-headed hydra completely misses you.
The orc priest calls down the wrath of Beogh upon you.
Beogh smites you!
You die...

...##.................#.........#
......................#.........#
..........##....).....#......†...
##....##+###.)........#).....((.#
##...>##.# #...................).
##.......# #.......###.#.........
##.......###...§..§..............
##..............D.§..............
##............§≈@§§.......(......
....).##.....##.§.§o.............
..............#...§...##..(.....o
..............#.......##......(..
..............#.......##.........
......##......####....# ......Oo
..÷##.##.#....# #....# .......
.(÷...........# ..... .......
#.............#.. ..#....


You could see an eight-headed hydra and an orc priest.

Vanquished Creatures
  Josephine (D:12)
  A hydra (D:12)
  Fannar (D:11)
  A centaur warrior (D:13)
  Pikel (D:6)
  4 hill giants
  A deep elf mage (D:13)
  An ugly thing (D:13)
  2 cyclopes
  A centaur skeleton (D:9)
  3 trolls
  A guardian mummy (D:10)
  A two-headed ogre (D:11)
  2 hippogriffs
  A wyvern (D:13)
  A vampire (D:11)
  4 wraiths (D:12)
  6 yaks (D:9)
  Grum (D:11)
  A steam dragon (D:12)
  2 hungry ghosts
  3 vampire mosquitoes (D:12)
  2 mottled dragons
  A water moccasin (D:13)
  10 orc warriors
  5 ice beasts
  A sky beast (D:9)
  A slave (D:6)
  6 ogres
  A phantom (D:13)
  2 wolves (D:11)
  15 centaurs
  An eye of draining (D:11)
  2 big kobolds
  5 bullfrogs
  3 scorpions
  7 killer bees
  5 howler monkeys
  5 wights (D:12)
  6 centaur zombies
  9 crimson imps
  A quasit (D:8)
  4 bullfrog zombies
  3 hounds
  A jelly (D:11)
  6 orc priests
  Crazy Yiuf (D:3)
  5 bullfrog skeletons
  8 orc wizards
  2 iguanas
  8 worker ants
  Natasha (thrice) (D:2)
  2 big kobold zombies (Ossuary)
  A hound skeleton (D:6)
  2 hound zombies (D:9)
  4 mummies (Ossuary)
  Robin (D:2)
  4 gnolls
  14 adders
  2 shadow imps
  4 oozes
  An adder zombie (D:8)
  An adder skeleton (D:10)
  A worm (D:3)
  3 dart slugs
  3 leopard geckos
  39 orcs
  6 bats
  11 giant cockroaches
  8 hobgoblins
  8 jackals
  13 kobolds
  3 quokkas
  A ball python (D:4)
  10 frilled lizards
  3 gnoll zombies
  10 goblins
  3 kobold zombies (Ossuary)
  A leopard gecko zombie (D:5)
  2 quokka skeletons
  A quokka zombie (D:6)
  11 rats
342 creatures vanquished.

Vanquished Creatures (others)
  A slave (D:6)
1 creature vanquished.

Grand Total: 343 creatures vanquished

Notes
Turn   | Place    | Note
-------+----------+-------------------------------------------
     0 | D:1      | Ladykiller69 the Troll Monk began the quest for the Orb.
     0 | D:1      | Reached XP level 1. HP: 22/22 MP: 0/0
    24 | D:1      | Reached XP level 2. HP: 29/29 MP: 1/1
   193 | D:1      | Reached XP level 3. HP: 30/36 MP: 2/2
   553 | D:2      | Reached skill level 4 in Unarmed Combat
   623 | D:2      | Noticed Natasha
   633 | D:2      | Killed Natasha
   633 | D:2      | Reached XP level 4. HP: 33/44 MP: 3/3
   871 | D:2      | Noticed Natasha
   882 | D:2      | Killed Natasha
  1052 | D:2      | Reached XP level 5. HP: 52/52 MP: 4/4
  1131 | D:2      | Noticed Natasha
  1211 | D:2      | Noticed Robin
  1233 | D:2      | Killed Robin
  1233 | D:2      | Reached skill level 5 in Unarmed Combat
  1337 | D:2      | Killed Natasha
  1444 | D:3      | Found a runed door.
  1472 | D:3      | Found an iron altar of Okawaru.
  1512 | D:3      | Noticed Crazy Yiuf
  1521 | D:3      | Killed Crazy Yiuf
  1597 | D:3      | Reached XP level 6. HP: 61/61 MP: 5/5
  2077 | D:3      | Found a snail-covered altar of Cheibriados.
  2177 | D:3      | Found a basalt altar of Yredelemnul.
  2243 | D:4      | Reached skill level 6 in Unarmed Combat
  2249 | D:4      | Found Boruemm's Antique Weapon Shoppe.
  2253 | D:4      | Found a hazy altar of Hepliaklqana.
  2304 | D:4      | Found a shadowy altar of Dithmenos.
  2733 | D:4      | Found a hide-covered altar of Uskayaw.
  2737 | D:4      | Reached XP level 7. HP: 70/70 MP: 6/6
  3036 | D:5      | Entered Level 5 of the Dungeon
  3036 | D:5      | Found a stormy altar of Qazlal.
  3049 | D:5      | Became a worshipper of Qazlal Stormbringer
  3049 | D:5      | Reached * piety under Qazlal
  3049 | D:5      | Reached ** piety under Qazlal
  3247 | D:5      | Reached skill level 7 in Unarmed Combat
  3438 | D:5      | Reached skill level 1 in Invocations
  3514 | D:5      | Found a runed door.
  3517 | D:5      | Found a runed door.
  3553 | D:5      | Reached XP level 8. HP: 14/78 MP: 4/8
  3696 | D:6      | Reached skill level 8 in Unarmed Combat
  3715 | D:6      | Found a staircase to the Ecumenical Temple.
  3728 | D:6      | Noticed Pikel
  3746 | D:6      | Killed Pikel
  3864 | D:6      | Found a radiant altar of Vehumet.
  3920 | D:6      | Reached skill level 9 in Unarmed Combat
  4132 | D:6      | Reached XP level 9. HP: 74/84 MP: 10/10
  4150 | D:6      | Reached skill level 5 in Dodging
  4506 | D:7      | Found Mamaabla's Weapon Emporium.
  4530 | D:7      | Reached *** piety under Qazlal
  4759 | D:7      | Found a sand-covered staircase.
  4765 | D:7      | Reached skill level 10 in Unarmed Combat
  4792 | Ossuary  | Entered an ossuary
  5115 | D:7      | Found an ancient bone altar of Kikubaaqudgha.
  5216 | D:8      | Noticed a troll
  5224 | D:8      | Killed a troll
  5527 | D:8      | Found a burning altar of Makhleb.
  5728 | D:8      | Reached skill level 5 in Invocations
  5830 | D:9      | Found Lotziunk's Weapon Emporium.
  5837 | D:9      | Bought a throwing net for 39 gold pieces
  5872 | D:9      | Reached XP level 10. HP: 92/92 MP: 12/12
  5875 | D:9      | Reached skill level 11 in Unarmed Combat
  5878 | D:9      | Reached **** piety under Qazlal
  6035 | D:9      | Found a staircase to the Lair.
  6216 | D:9      | Found a glowing golden altar of the Shining One.
  6290 | D:9      | Found a shattered altar of Ashenzari.
  6455 | D:10     | Entered Level 10 of the Dungeon
  6480 | D:10     | Noticed a hill giant
  6480 | D:10     | Noticed a cyclops
  6490 | D:10     | Killed a hill giant
  6493 | D:10     | Killed a cyclops
  6493 | D:10     | Reached skill level 12 in Unarmed Combat
  6592 | D:10     | Found a staircase to the Orcish Mines.
  6712 | D:10     | Found Jihiavun's Antique Armour Shoppe.
  6717 | D:10     | Found a portal to a secret trove of treasure.
  6759 | D:10     | Bought a glowing shield for 378 gold pieces
  6861 | D:10     | Noticed a hill giant
  6869 | D:10     | Killed a hill giant
  6869 | D:10     | Reached XP level 11. HP: 100/100 MP: 14/14
  6960 | D:10     | Found Kiguruydgh's Assorted Antiques.
  7021 | D:9      | Reached skill level 1 in Shields
  7195 | D:11     | Noticed Fannar
  7230 | D:11     | Killed Fannar
  7295 | D:11     | Noticed Grum
  7301 | D:11     | Killed Grum
  7480 | D:11     | Found Fyw Bivepha's Antique Armour Shop.
  7598 | D:11     | Identified a scroll of acquirement
  7603 | D:11     | Got a jewelled cloak
  7614 | D:11     | Identified the +0 cloak of the Skies Above {rF+} (You acquired it on level 11 of the Dungeon)
  8125 | D:12     | Noticed a hill giant
  8128 | D:12     | Noticed Josephine
  8139 | D:12     | Killed a hill giant
  8139 | D:12     | Reached skill level 13 in Unarmed Combat
  8144 | D:12     | Reached skill level 1 in Armour
  8149 | D:12     | Killed Josephine
  8300 | D:12     | Noticed a six-headed hydra
  8307 | D:12     | Killed a six-headed hydra
  8558 | D:13     | Found a gate to the Vaults.
  8559 | D:13     | Noticed a deep elf mage
  8576 | D:13     | Killed a deep elf mage
  8576 | D:13     | Reached XP level 12. HP: 64/107 MP: 16/16
  8715 | D:13     | Noticed a centaur warrior
  8719 | D:13     | Reached skill level 5 in Shields
  8734 | D:13     | Killed a centaur warrior
  8991 | D:13     | Noticed an eight-headed hydra
  8998 | D:13     | HP: 3/107 [eight-headed hydra (4)]
  9109 | D:13     | Killed from afar by an orc priest

Skill      XL: |  1  2  3  4  5  6  7  8  9 10 11 12 |
---------------+-------------------------------------+-----
Unarmed Combat | 4 5 6 7 9 10 12 13 | 13.6
Dodging        | 3 4 6 7 8 |  8.2
Fighting       | 3 4 |  4.1
Invocations    | 1 3 5 6 7 |  7.7
Shields        | 4 5 |  5.4
Armour         | 2 |  2.6
Stealth        | |  1.0

Action                   |  1- 3 |  4- 6 |  7- 9 | 10-12 || total
-------------------------+-------+-------+-------+-------++-------
Melee: Unarmed           |   101 |   202 |   324 |   477 ||  1104
       Punch             |       |     3 |    17 |     9 ||    29
Throw: Large rock        |       |     2 |     4 |     7 ||    13
       Stone             |       |       |       |     3 ||     3
Invok: Upheaval          |       |       |     2 |    13 ||    15
  Use: Potion            |       |       |     1 |     2 ||     3
       Scroll            |       |       |     4 |    20 ||    24
 Stab: Sleeping          |     1 |     6 |       |       ||     7
  Eat: Chunk             |     9 |    19 |    31 |    32 ||    91
Armor: Robe              |    30 |    62 |    67 |    15 ||   174
       Mottled dragon sc |       |       |       |    69 ||    69
Dodge: Dodged            |    59 |   111 |   152 |   166 ||   488
       Deflected         |       |       |       |     9 ||     9
Block: Other             |       |       |    31 |    28 ||    59
       Shield            |       |       |       |   247 ||   247
